 Dungeon Crawl Stone Soup version 0.31-a0-257-gf185e81a89 (webtiles) character file.

Game seed: 10672750402450532414

32 qw the Shooter (level 3, 0/21 HPs)
             Began as a Gargoyle Hexslinger on July 12, 2023.
             Slain by a hobgoblin (4 damage)
             ... on level 2 of the Dungeon.
             The game lasted 00:00:19 (933 turns).

qw the Shooter (Gargoyle Hexslinger)                 Turns: 933, Time: 00:00:20

Health: 0/21       AC:  6    Str: 11    XL:     3   Next: 27%
Magic:  4/4        EV: 11    Int: 13    God:
Gold:   86         SH:  0    Dex: 14    Spells: 3/4 levels left

rFire   . . .        Y - +1 sling
rCold   . . .        (no shield)
rNeg    + . .        h - +0 leather armour
rPois   inf          (no helmet)
rElec   +            (no cloak)
rCorr   .            (no gloves)
SInv    .            (no boots)
Will    .....        (no amulet)
Stlth   +            (no ring)
HPRegen 0.23/turn    (no ring)
MPRegen 0.09/turn

%: no passive effects
@: no status effects
A: sickness immunity, AC +3, negative energy resistance 1, electricity
resistance, torment resistance 1, petrification resistance
a: no special abilities


You were on level 2 of the Dungeon.
You visited 1 branch of the dungeon, and saw 2 of its levels.

You collected 86 gold pieces.


Innate Abilities, Weirdness & Mutations

You are immune to sickness and miasma.
Your stone body is resilient. (AC +3)
You are immune to poison.
You resist negative energy. (rN+)
You are resistant to electric shocks. (rElec)
You are resistant to unholy torment.
You are immune to petrification.


   Skills:
 - Level 2.0 Fighting
 + Level 3.2 Ranged Weapons
 - Level 1.5 Dodging
 - Level 1.0 Spellcasting
 - Level 2.6 Hexes


You had 3 spell levels left.
You knew the following spells:

 Your Spells              Type           Power      Damage    Failure   Level
a - Slow                  Hex            28%        N/A       12%         1

Your spell library contained the following spells:

 Spells                   Type           Power      Damage    Failure   Level
 Inner Flame              Hex/Fire       4%         N/A       54%         3
 Portal Projectile        Hex/Tloc       8%         N/A       54%         3
 Cause Fear               Hex            3%         N/A       77%         4

Inventory:

Hand Weapons
 Y - a +1 sling (weapon)
Armour
 h - a +0 leather armour (worn)
Jewellery
 g - a ring of ice
Scrolls
 a - a scroll of identify
Potions
 d - a potion of haste {unknown}
 j - a potion of ambrosia {unknown}

Dungeon Overview and Level Annotations

Branches:
Dungeon (2/15)

Altars:

Shops:
D:1 [

Annotations:
D:2 Robin


Message History

You shoot a sling bullet.
The sling bullet closely misses the goblin.
The goblin hits you with a +0 club.
You shoot a sling bullet.
The sling bullet closely misses the goblin.
A hobgoblin comes into view.
923 ||| Stepping ~*~*~tactically~*~*~ (outnumbered).
You shoot a sling bullet. The sling bullet hits the goblin.
The goblin is severely wounded.
The goblin hits you with a +0 club. x2
You shoot a sling bullet. The sling bullet hits the goblin!
You kill the goblin!
You shoot a sling bullet.
The sling bullet barely misses the goblin.
The sling bullet barely misses the hobgoblin.
The goblin hits you but does no damage.
You shoot a sling bullet.
The sling bullet closely misses the goblin.
The sling bullet hits the hobgoblin.
The hobgoblin is heavily wounded.
The goblin hits you with a +0 club. x2
928 ||| DRINKING potion of heal wounds.
You feel much better. The goblin hits you with a +0 club.
You shoot a sling bullet. The sling bullet hits the goblin!
You kill the goblin!
The hobgoblin no longer looks unusually strong.
You shoot a sling bullet. The sling bullet hits the hobgoblin.
You kill the hobgoblin!
You shoot a sling bullet. The sling bullet misses the goblin.
You hear a shout!
The goblin hits you with a +0 club. x2
You shoot a sling bullet. The sling bullet hits the goblin.
You kill the goblin!
You hear a shout!
Robin hits you from afar with a +0 spear.
You hear a shout!
You shoot a sling bullet. The sling bullet hits the hobgoblin.
The hobgoblin is heavily wounded.
Robin throws the goblin at you! The hobgoblin hits you.
You die...

#....'.....#.#.....#.
#....#######.#.<...#.
#...###.# # #..<....
###.###.######
######## #..........#
#######.####.#
........# )######g#
#@# #g# ..gg..g....#
###g###.##.# #.# #
#.# #.# #.# #.#


You could see Robin, a hobgoblin and a goblin (strong).

Vanquished Creatures
  A dart slug (D:1)
  2 ball pythons (D:1)
  2 bats (D:1)
  2 endoplasms (D:1)
  7 goblins
  3 hobgoblins
  A quokka (D:1)
  3 frilled lizards
  4 kobolds (D:1)
  3 rats (D:1)
28 creatures vanquished.

Notes
Turn   | Place    | Note
-------+----------+-------------------------------------------
     0 | D:1      | qw the Gargoyle Hexslinger began the quest for the Orb.
     0 | D:1      | Reached XP level 1. HP: 12/12 MP: 2/2
     0 | D:1      | 0 ||| qw: Version: 0.3-a-52-g30416fa
     0 | D:1      | 0 ||| qw: Game counter: 6812
     0 | D:1      | 0 ||| qw: Melee chars always use a shield: true
     0 | D:1      | 0 ||| qw: God list: Okawaru
     0 | D:1      | 0 ||| qw: Allow faded altars: false
     0 | D:1      | 0 ||| qw: Do Orc after clearing Dungeon:15 true
     0 | D:1      | 0 ||| qw: Do second Lair branch before Depths: true
     0 | D:1      | 0 ||| qw: Lair rune preference: random
     0 | D:1      | 0 ||| qw: Goals: Normal
     0 | D:1      | 0 ||| PLANNING D:1-11
   165 | D:1      | Reached XP level 2. HP: 16/16 MP: 3/3
   165 | D:1      | Found Ilapn's Antique Armour Emporium.
   176 | D:1      | 176 ||| SHOPLISTING cloak (108 gold, have 25).
   176 | D:1      | 176 ||| SHOPLISTING glowing ring mail (168 gold, have 25).
   176 | D:1      | 176 ||| SHOPLISTING leather armour (48 gold, have 25).
   176 | D:1      | 176 ||| SHOPLISTING ring mail (96 gold, have 25).
   176 | D:1      | 176 ||| SHOPLISTING runed ring mail (168 gold, have 25).
   303 | D:1      | Reached skill level 3 in Ranged Weapons
   459 | D:1      | Reached XP level 3. HP: 21/21 MP: 4/4
   805 | D:1      | 805 ||| UPGRADING to +0 leather armour.
   815 | D:1      | 815 ||| DROPPING +0 robe.
   816 | D:1      | 816 ||| READING 2 scrolls labelled PUUGUPS DOGO.
   817 | D:1      | 817 ||| READING scroll labelled NAHUFI DAALO.
   818 | D:1      | 818 ||| READING scroll labelled GIRYAT SUST.
   819 | D:1      | 819 ||| DRINKING 2 lumpy golden potions.
   820 | D:1      | 820 ||| DROPPING scroll of poison.
   918 | D:2      | Identified the +0 helmet "Byafosh" {rElec rPois rF- Int+6}
   918 | D:2      | Noticed Robin
   919 | D:2      | 919 ||| Stepping ~*~*~tactically~*~*~ (outnumbered).
   923 | D:2      | 923 ||| Stepping ~*~*~tactically~*~*~ (outnumbered).
   927 | D:2      | HP: 2/21 [goblin/+0 club[Robin] (5)]
   928 | D:2      | 928 ||| DRINKING potion of heal wounds.
   933 | D:2      | HP: 4/21 [Robin/goblin (2)]
   933 | D:2      | Slain by a hobgoblin

Levels and vault maps discovered:
D:1:      dpeg_arrival_arbitrary_a, layout_basic, serial_shops, shop,
          minmay_pentomino_t2
D:2:      layout_basic, grunt_ministairs_15, uniq_robin

Skill      XL: |  1  2 |
---------------+-------+-----
Ranged Weapons | 3 |  3.2
Fighting       | 2 |  2.0
Dodging        | |  1.5
Spellcasting   | |  1.0
Hexes          | |  2.6

Action                     || total
---------------------------++-------
   Fire: Sling             ||    70
    Use: Scroll            ||     3
         Potion            ||     2
 Armour: Robe              ||     9
         Leather armour    ||     1
  Dodge: Dodged            ||    16

Table legend:
 A = Non-vault XP
 B = Vault XP
 C = Vault XP percentage of total XP
 D = Non-vault monster count
 E = Vault monster count
 F = Vault count percentage of total count
                 A         B        C        D         E       F
            +---------+---------+-------+---------+---------+-------
      Total |      33 |      14 |  29.8 |      21 |       7 |  25.0
            +---------+---------+-------+---------+---------+-------
        D:1 |      32 |       5 |  13.5 |      20 |       2 |   9.1
        D:2 |       1 |       9 |  90.0 |       1 |       5 |  83.3
            +---------+---------+-------+---------+---------+-------
